 Dungeon Crawl Stone Soup version 0.13-a0-2450-ga447c6a (webtiles) character file.

782 Rycklaryybbe the Sneak (level 7, -3/46 HPs)
             Began as a Vampire Necromancer on July 17, 2013.
             Was an Initiate of Makhleb.
             Slain by an orc
             ... wielding a cursed -2,-2 orcish morningstar
              (14 damage)
             ... on Level 4 of the Dungeon.
             The game lasted 00:21:28 (3590 turns).

Rycklaryybbe the Sneak (Vampire Necromancer)        Turns: 3590, Time: 00:21:30

HP  -3/46        AC  2     Str  8      XL: 7   Next: 24%
MP   3/14        EV 12     Int 17      God: Makhleb [......]
Gold 149         SH  0     Dex 15      Spells:  5 memorised,  1 level left

Res.Fire  : . . .   See Invis. : +   w - +10,-4 long sword of the Poles {pain, rC- Res.Cold : x . . Warding : . a - +0 robe Life Prot.: + . . Conserve : . (no shield)
Res.Poison: .       Res.Corr.  : .   (no helmet)
Res.Elec. : .       Clarity    : .   (no cloak)
Sust.Abil.: . .     Spirit.Shd : .   (no gloves)
Res.Mut.  : .       Stasis     : .   (no boots)
Res.Rott. : .       Flight     : .   (no amulet)
Saprovore : . . .                    (no ring)
                                     (no ring)

@: regenerating (expiring), extremely resistant to hostile enchantments, very
stealthy
A: bottle blood, fangs 3, see invisible, unbreathing
a: Bottle Blood, Renounce Religion


You were on level 4 of the Dungeon.
You worshipped Makhleb.
Makhleb was noncommittal.
You were full.

You visited 2 branches of the dungeon, and saw 5 of its levels.
You also visited: Sewer.

You collected 129 gold pieces.

Inventory:

Hand weapons
 c - the +5,+8 battleaxe "Uxufi" {drain, rPois rN+ SInv}
   (You found it in a sewer)

   A truly terrible weapon, it drains the life of those it strikes.
   It protects you from poison.
   It protects you from negative energy.
   It enhances your eyesight.
 e - a +2,+5 orcish dagger of draining (quivered)
 f - a -2,+1 great sword
 o - a +1 blowgun
 w - the cursed +10,-4 long sword of the Poles (weapon) {pain, rC- rN+ MR++}
   (You found it on level 4 of the Dungeon)

   In the hands of one skilled in necromantic magic, it inflicts extra damage on
   living creatures.
   It makes you vulnerable to cold.
   It protects you from negative energy.
   It affects your resistance to hostile enchantments.
   It has a curse placed upon it.
Missiles
 p - 9 poisoned needles
 t - 3 poisoned darts
Armour
 a - a +0 robe (worn)
Scrolls
 g - 6 scrolls of identify
 i - a scroll of curse weapon {unknown}
 k - a scroll of remove curse {unknown}
 l - a scroll of fog {unknown}
 m - a scroll of recharging {unknown}
 u - a scroll of fear {unknown}
 v - a scroll of curse armour {unknown}
Potions
 d - 4 potions of heal wounds {unknown}
 h - 2 potions of speed {unknown}
 j - 6 potions of curing
 n - a potion of berserk rage {unknown}
 q - a potion of flight {unknown}
 r - a potion of brilliance {unknown}
 s - 3 potions of might {unknown}
Books
 b - a book of Necromancy

   Spells                             Type                      Level
   *Pain                              Necromancy                   1
   *Animate Skeleton                  Necromancy                   1
   *Lethal Infusion                   Charms/Necromancy            2
   *Vampiric Draining                 Necromancy                   3
   *Regeneration                      Charms/Necromancy            3
   Animate Dead                       Necromancy                   4
   Control Undead                     Necromancy                   4


   Skills:
 - Level 2.1 Short Blades
 + Level 2.8 Long Blades
 - Level 1.2 Axes
 - Level 2.1 Dodging
 - Level 7.5 Stealth
 - Level 2.7 Spellcasting
 + Level 0.0 Charms
 + Level 6.3 Necromancy


You had one spell level left.
You knew the following spells:

 Your Spells              Type           Power        Failure   Level  Hunger
a - Pain                  Necr           ###.         1%          1    #......
b - Vampiric Draining     Necr           ###.......   4%          3    ###....
c - Animate Skeleton      Necr           N/A          1%          1    #......
d - Lethal Infusion       Chrm/Necr      ##........   10%         2    ##.....
e - Regeneration          Chrm/Necr      ##........   17%         3    ###....


Dungeon Overview and Level Annotations

Branches:
Dungeon (4/27)             Temple (1/1) D:4

Altars:
Ashenzari
Cheibriados
Elyvilon
Fedhas
Kikubaaqudgha
Makhleb
Nemelex Xobeh
Okawaru
Sif Muna
Trog
Xom
Yredelemnul
the Shining One


Innate Abilities, Weirdness & Mutations

Your natural rate of healing is unusually fast.
You can bottle blood from corpses.
You have razor-sharp teeth.*
You have supernaturally acute eyesight.
You can survive without breathing.*


Message History

The orc wizard is almost dead.
The rat closely misses you.
The orc wizard hits you with an orcish dagger.
The orc hits you with an orcish trident.
The orc closely misses you.
You closely miss the orc wizard.
The orc wizard is almost dead.
The rat bites you but does no damage.
The orc wizard hits you but does no damage.
The orc closely misses you. The rat barely misses you.
The orc closely misses you.
Unknown command.
You closely miss the orc wizard.
The orc wizard is almost dead.
The orc wizard hits you with an orcish dagger.
The orc closely misses you. The rat misses you.
The orc wizard hits you with an orcish dagger.
* * * LOW HITPOINT WARNING * * *
The orc hits you with an orcish morningstar!
You die...

##......#..##.....#........#.#
##....G#..##...###...#### #.#
#.#.#.#..######...### #.#
...#.#.#.............# #.#
............#.#.#.#.#.# #.#
....#.###.............# #.#
###.#.# #...#.......#.# ####.#
#.#.# #......[......# #....#
... ##..#..o@r..#.# #....# .
........ooo....# #....#
###..#.......#.# #....#
..............# #....#
##..#.#.#.#.#.# #....#
#............# #.<..#
..)...o...## ####.# .#....###
#.# ##. #.#


You could see 2 orc wizards, 2 orcs and a rat.

Vanquished Creatures
  4 big kobolds (Sewer)
  2 orc wizards
  A worker ant (D:4)
  Terence (D:2)
  2 green rats
  5 adders
  A giant mite (D:3)
  4 worms (D:3)
  A giant eyeball (D:4)
  2 giant geckos
  5 orcs
  7 ball pythons
  10 giant cockroaches
  23 grey rats
  12 hobgoblins
  8 jackals
  A quokka (D:3)
  9 bats
  6 giant newts
  4 goblins
  22 kobolds
  3 oozes
  2 orc skeletons (D:4)
  11 rats
146 creatures vanquished.

Vanquished Creatures (collateral kills)
  A worm (D:3)
  An orc (D:3)
  A hobgoblin (D:3)
  A bat (D:3)
4 creatures vanquished.

Vanquished Creatures (others)
  A giant newt (D:1)
  A grey rat skeleton (Sewer)
  2 hobgoblin skeletons (D:3)
  A jackal skeleton (D:3)
5 creatures vanquished.

Grand Total: 155 creatures vanquished

Notes
Turn   | Place    | Note
--------------------------------------------------------------
     0 | D:1      | Rycklaryybbe, the Vampire Necromancer, began the quest for the Orb.
     0 | D:1      | Reached XP level 1. HP: 13/13 MP: 4/4
   188 | D:1      | Reached XP level 2. HP: 13/19 MP: 3/5
   541 | D:1      | Reached XP level 3. HP: 22/24 MP: 6/6
   549 | D:1      | Reached skill level 5 in Stealth
   707 | D:2      | Found an ancient bone altar of Kikubaaqudgha.
   846 | D:2      | Noticed Terence
   850 | D:2      | Killed Terence
   850 | D:2      | Reached skill level 5 in Necromancy
   917 | D:2      | Reached XP level 4. HP: 23/30 MP: 0/8
   930 | D:2      | Learned a level 3 spell: Vampiric Draining
  1217 | D:3      | Reached skill level 6 in Stealth
  1289 | D:3      | Learned a level 1 spell: Animate Skeleton
  1544 | D:3      | Reached XP level 5. HP: 32/35 MP: 6/9
  1548 | D:3      | Reached skill level 1 in Short Blades
  2149 | D:3      | Found a glowing drain.
  2158 | D:3      | HP: 1/35 [green rat (9)]
  2337 | Sewer    | Entered a sewer
  2403 | Sewer    | Reached skill level 7 in Stealth
  2403 | Sewer    | Reached XP level 6. HP: 33/41 MP: 10/10
  2691 | Sewer    | Reached skill level 1 in Long Blades
  2849 | Sewer    | Got a warped battleaxe
  2850 | Sewer    | Identified the battleaxe "Uxufi" {drain, rPois rN+ SInv} (You found it in a sewer)
  2868 | Sewer    | Learned a level 2 spell: Lethal Infusion
  2924 | Sewer    | Reached skill level 1 in Axes
  2924 | Sewer    | Reached XP level 7. HP: 26/46 MP: 7/14
  3194 | D:4      | Paralysed by a giant eyeball for 2 turns
  3244 | D:4      | Got a shimmering long sword
  3245 | D:4      | Identified the cursed long sword of the Poles {pain, rC- rN+ MR++} (You found it on level 4 of the Dungeon)
  3260 | D:4      | Paralysed by a giant eyeball for 2 turns
  3331 | D:4      | Found a staircase to the Ecumenical Temple.
  3340 | Temple   | Entered the Ecumenical Temple
  3518 | Temple   | Became a worshipper of Makhleb the Destroyer
  3540 | Temple   | Learned a level 3 spell: Regeneration
  3590 | D:4      | Slain by an orc

Action                   |  1- 3 |  4- 6 |  7- 9 || total
-------------------------+-------+-------+-------++-------
Melee: Unarmed           |    10 |       |       ||    10
       Dagger            |    58 |   189 |       ||   247
       Great sword       |       |    11 |       ||    11
       Battleaxe         |       |     7 |    13 ||    20
       Long sword        |       |       |    29 ||    29
 Cast: Pain              |    23 |    18 |     3 ||    44
       Vampiric Draining |       |    14 |     5 ||    19
       Animate Skeleton  |       |     4 |       ||     4
       Regeneration      |       |       |     2 ||     2
  Use: Scroll            |       |     4 |       ||     4
       Potion            |       |     1 |       ||     1
 Stab: Sleeping          |     8 |    15 |     2 ||    25
       Distracted        |       |     1 |       ||     1
